 Dungeon Crawl Stone Soup version 0.30-a0-1082-g70414cbcbb (webtiles) character file.

Game seed: 9102144701964788154

75 gelatine the Conjurer (level 4, 0/34 HPs)
             Began as a Demonspawn Reaver on Apr 15, 2023.
             Slain by a gnoll
             ... wielding a +0 halberd of venom
              (10 damage)
             ... on level 2 of the Dungeon.
             The game lasted 00:06:22 (1211 turns).

gelatine the Conjurer (Demonspawn Reaver)           Turns: 1211, Time: 00:06:22

Health: 0/34       AC:  5    Str: 16    XL:     4   Next: 11%
Magic:  4/7        EV: 12    Int: 16    God:
Gold:   38         SH:  0    Dex: 10    Spells: 1/7 levels left

rFire   . . .      SeeInvis .    a - +0 hand axe
rCold   . . .      Faith    .    (no shield)
rNeg    + . .      Spirit   .    o - +0 robe
rPois   .          Reflect  .    (no helmet)
rElec   .          Rampage  .    (no cloak)
rCorr   .                        (no gloves)
Will    .....                    (no boots)
Stlth   +                        (no amulet)
HPRegen 0.25/turn                e - ring of positive energy
MPRegen 0.10/turn                (no ring)

@: lethally poisoned (0 -> -14)
A: slimy green scales 2, demonic guardian 1, strong 1
a: no special abilities


You were on level 2 of the Dungeon.
You visited 1 branch of the dungeon, and saw 2 of its levels.

You collected 38 gold pieces.

Inventory:

Hand Weapons
 a - a +0 hand axe (weapon)
 m - a +1 antimagic demon blade
Armour
 b - a +0 leather armour
 f - a +0 ring mail
 o - a +0 robe (worn)
Jewellery
 e - a ring of positive energy (left hand)
Scrolls
 c - a scroll of magic mapping {unknown}
 d - a scroll of identify {unknown}
 h - a scroll of fear {unknown}
 i - a scroll of amnesia {unknown}
 l - a scroll of enchant weapon {unknown}
Potions
 g - a potion of brilliance {unknown}
 j - a potion of heal wounds {unknown}
 k - a potion of might {unknown}
 n - a potion of curing {unknown}


   Skills:
 * Level 2.3 Fighting
 * Level 3.2 Axes
 * Level 0.5 Armour
 * Level 2.0 Dodging
 * Level 0.8 Stealth
 * Level 2.2 Spellcasting
 * Level 3.3 Conjurations
 + Level 0.5 Necromancy
 * Level 0.1 Translocations
 * Level 0.3 Ice Magic


You had one spell level left.
You knew the following spells:

 Your Spells              Type           Power      Damage    Failure   Level
a - Kiss of Death         Conj/Necr      32%        2d7       9%          1
b - Momentum Strike       Conj/Tloc      14%        3d8       16%         2
c - Hailstorm             Conj/Ice       7%         3d4       28%         3

Your spell library contained the following spells:

 Spells                   Type           Power      Damage    Failure   Level
 Inner Flame              Hex/Fire       1%         N/A       52%         3
 Yara's Violent Unravell  Hex/Tmut       0%         3d3       99%         5
 Enfeeble                 Hex            0%         N/A       100%        7


Dungeon Overview and Level Annotations

Branches:
Dungeon (2/15)

Altars:


Innate Abilities, Weirdness & Mutations

You are mostly covered in slimy green scales. (AC +3)
A weak demonic guardian rushes to your aid.
Your muscles are strong. (Str +4, Int/Dex -1)


Message History

The concentrated momentum hits the ball python!
You kill the ball python!
You are unable to move.
You are no longer robbed of momentum.
Your magical contamination has completely faded away.
Found a stone staircase leading down.
A gnoll is nearby!
Casting: Momentum Strike (safe; 16% risk of failure)
Confirm with . or Enter, or press ? or * to list all spells.
You can't see any susceptible monsters within range! (Use Z to cast anyway.)
There is a stone staircase leading down here.
Casting: Momentum Strike (safe; 16% risk of failure)
Confirm with . or Enter, or press ? or * to list all spells.
You can't see any susceptible monsters within range! (Use Z to cast anyway.)
Casting: Momentum Strike (safe; 16% risk of failure)
Confirm with . or Enter, or press ? or * to list all spells.
The spell is quite dangerous to miscast (28% risk of failure)!
Continue anyway? [Y]es or [N]o only, please.
The spell is quite dangerous to miscast (28% risk of failure)!
Continue anyway? [Y]es or [N]o only, please.
The spell is quite dangerous to miscast (28% risk of failure)!
Continue anyway?
Casting: Hailstorm (quite dangerous; 28% risk of failure)
Press: ? - help, Dir - look around, f - activate A cannonade of hail descends around you!
The hail pelts the gnoll!
The gnoll is heavily wounded.
The gnoll shouts!
The gnoll throws a stone.
The stone barely misses you. The gnoll barely misses you.
The gnoll hits you with a +0 halberd of venom!
You are poisoned.
You hit the gnoll.
The gnoll is almost dead.
You feel very sick.
The gnoll hits you with a +0 halberd of venom!
* * * LOW HITPOINT WARNING * * *
A demonic guardian appears!
The gnoll attacks as you move away!
The gnoll hits you with a +0 halberd of venom!
You die...

# ## #.#. ### .#.# #..
... #.####### #..
#.#.....## #..
###.###.#.##.##.####
................@.>#
#####.#.#.#####g##5####
..# #.#.#.....#.......#
..# #.#.#<###.####.##.#
..# #.#.#.#.........# #
..# #.#.#.#.#.##...##
..# #.#.#.#.#......#
..# #.#.#.# #..#...#
..# #.# #.#......#...


You could see a gnoll (ally target) and a friendly shadow imp (summoned).

Vanquished Creatures
  An adder (D:2)
  2 gnolls (D:2)
  3 worms (D:2)
  A dart slug (D:1)
  3 endoplasms (D:1)
  A giant cockroach (D:1)
  2 goblins (D:1)
  A hobgoblin (D:1)
  3 jackals (D:2)
  2 quokkas
  5 ball pythons
  2 bats
  2 frilled lizards (D:1)
  7 kobolds
  3 rats
38 creatures vanquished.

Notes
Turn   | Place    | Note
-------+----------+-------------------------------------------
     0 | D:1      | gelatine the Demonspawn Reaver began the quest for the Orb.
     0 | D:1      | Reached XP level 1. HP: 16/16 MP: 3/3
   215 | D:1      | Gained mutation: You are partially covered in slimy green
                  | scales. (AC +2) [demonic ancestry]
   215 | D:1      | Reached XP level 2. HP: 17/22 MP: 5/5
   329 | D:1      | Gained mutation: Your muscles are strong. (Str +4, Int/Dex
                  | -1) [potion of mutation]
   738 | D:2      | Gained mutation: You are mostly covered in slimy green
                  | scales. (AC +3) [demonic ancestry]
   738 | D:2      | Reached XP level 3. HP: 20/27 MP: 6/6
   741 | D:2      | Learned a level 2 spell: Momentum Strike
   745 | D:2      | Learned a level 3 spell: Hailstorm
  1065 | D:2      | Gained mutation: A weak demonic guardian rushes to your
                  | aid. [demonic ancestry]
  1065 | D:2      | Reached XP level 4. HP: 31/34 MP: 0/7
  1211 | D:2      | Slain by a gnoll

Illustrated notes

Levels and vault maps discovered:
D:1:      dpeg_arrival_long_road, layout_basic, minivault_14
D:2:      layout_basic

Skill      XL: |  1  2 |
---------------+-------+-----
Dodging        | 2 |  2.0
Axes           | 3 |  3.2
Fighting       | |  2.3
Armour         | |  0.5
Stealth        | |  0.8
Spellcasting   | |  2.2
Conjurations   | |  3.3
Necromancy     | |  0.5
Translocations | |  0.1
Ice Magic      | |  0.3

Action                     |  1- 3 |  4- 6 || total
---------------------------+-------+-------++-------
  Melee: Hand axe          |   126 |    10 ||   136
   Cast: Hailstorm         |     1 |     1 ||     2
         Momentum Strike   |     1 |     1 ||     2
    Use: Potion            |     3 |       ||     3
   Stab: Invisible         |     1 |       ||     1
 Armour: Leather armour    |    39 |       ||    39
         Robe              |       |     4 ||     4
  Dodge: Dodged            |    80 |     3 ||    83

Table legend: (Time is in decaauts)
 A = Elapsed time spent in this place.
 B = Non-inter-level travel time spent in this place.
 C = Inter-level travel time spent in this place.
 D = Time resting spent in this place.
 E = Time spent auto-exploring this place.
 F = Levels seen in this place.
 G = Mean time per level.
                   A        B        C        D        E       F      G
               +--------+--------+--------+--------+--------+-----+--------+
         Total |   1231 |   1217 |     14 |      0 |    844 |   2 |  615.5 |
       Dungeon |   1231 |   1217 |     14 |      0 |    844 |   2 |  615.5 |
               +--------+--------+--------+--------+--------+-----+--------+

Top non-repeatable levels by time:
     D:1: 737 daAuts
     D:2: 493 daAuts
